 Dungeon Crawl Stone Soup version 0.27-a0-765-ge4d627daa3 (webtiles) character file.

Game seed: 9930947747778582282

34132 rjrrt the Severer (level 13, -9/135 HPs)
             Began as a Demonspawn Berserker on Mar 24, 2021.
             Was a High Priest of Trog.
             Mangled by Rupert
             ... wielding a +7 vorpal great mace
              (17 damage)
             ... on level 3 of the Lair of Beasts.
             The game lasted 00:31:36 (16722 turns).

rjrrt the Severer (Demonspawn Berserker)           Turns: 16722, Time: 00:31:37

Health: -9/135     AC: 19    Str: 22    XL:     13   Next: 40%
Magic:  13/13      EV:  7    Int: 10    God:    Trog [*****.]
Gold:   732        SH:  5    Dex: 18    Spells: 12/12 levels left

rFire    . . .     SeeInvis +   a - +5 executioner's axe of the Apocalypse {flame, rPois rN+ SInv}
rCold    . . .     Faith    .   (shield currently unavailable)
rNeg     + . .     Spirit   .   E - +0 plate armour
rPois    +         Reflect  +   I - +0 hat {SInv}
rElec    .         Harm     .   j - +2 cloak {Will+}
rCorr    .         Rampage  .   z - +0 pair of gloves
Will     +++..                  (boots unavailable)
Stlth    ..........             o - amulet of reflection
HPRegen  1.32/turn              H - +6 ring of dexterity
MPRegen  0.13/turn              v - +4 ring of slaying

@: mighty, berserking, regenerating, studying Evocations, very quick
A: talons 3, molten scales 2, powered by pain 1, spiny 2
a: Renounce Religion, Berserk, Trog's Hand, Brothers in Arms


You were on level 3 of the Lair of Beasts.
You worshipped Trog.
Trog was extremely pleased with you.
You visited 2 branches of the dungeon, and saw 13 of its levels.
You also visited: Ossuary.

You collected 762 gold pieces.
You spent 30 gold pieces at shops.

Inventory:

Hand Weapons
 a - the +5 executioner's axe of the Apocalypse (weapon) {flame, rPois rN+ SInv}
   (You acquired it on level 8 of the Dungeon)

   It has been specially enchanted to burn those struck by it, causing extra
   injury to most foes and up to half again as much damage against particularly
   susceptible opponents.
   Big, fiery blades are also staple armaments of hydra-hunters.
   It protects you from poison.
   It protects you from negative energy.
   It lets you see invisible.
 n - the +7 long sword of the Unspeakable One {elec, +Blink rF+ Str+4 Dex+4}
   (You found it on level 10 of the Dungeon)

   Occasionally, upon striking a foe, it can discharge electrical energy and
   cause terrible harm.
   It affects your strength (+4).
   It affects your dexterity (+4).
   It protects you from fire.
   It lets you blink.
 q - a +2 spear of venom
 C - a +2 whip of electrocution
Missiles
 m - 5 silver javelins (quivered)
 A - 6 curare-tipped darts
Armour
 j - a +2 cloak of willpower (worn)
 z - a +0 pair of gloves (worn)
 E - a +0 plate armour (worn)
 I - a +0 hat of see invisible (worn)
Jewellery
 o - an amulet of reflection (around neck)
 v - a +4 ring of slaying (left hand)
 H - a +6 ring of dexterity (right hand)
Wands
 e - a wand of paralysis (5)
 i - a wand of flame (15)
 k - a wand of polymorph (35)
 s - a wand of mindburst (13)
 F - a wand of random effects (29)
 G - a wand of digging (4)
Scrolls
 h - 5 scrolls of teleportation
 l - 2 scrolls of magic mapping
 p - a scroll of brand weapon
 x - a scroll of enchant weapon
 y - 2 scrolls of blinking
 D - 4 scrolls of enchant armour
Potions
 b - 4 potions of heal wounds
 c - 2 potions of lignification
 d - 8 potions of curing
 f - 2 potions of might
 g - a potion of flight
 r - 2 potions of haste
 t - a potion of resistance
 u - 2 potions of ambrosia
 w - a potion of attraction {unknown}
 B - a potion of cancellation {unknown}
 J - a potion of berserk rage {unknown}


   Skills:
 - Level 4.6 Fighting
 * Level 19.0 Axes
 - Level 3.8 Armour
 - Level 1.7 Dodging
 - Level 4.3 Evocations


You had 12 spell levels left.
You didn't know any spells.
Your spell library was empty.

Dungeon Overview and Level Annotations

Branches:
Dungeon (10/15)            Temple (0/1) D:6            Lair (3/6) D:10
  Snake (0/4) Lair:2          Orc (0/2) D:10        Ossuary (visited)
  Swamp: Lair:2-4    Shoals: Lair:2-4

Altars:
Cheibriados
Elyvilon
Fedhas
Gozag
Hepliaklqana
Makhleb
Nemelex Xobeh
Ru
Uskayaw
Xom
The Shining One

Shops:
D:2 [   D:5 *   D:8 (

Annotations:
D:5 3 runed translucent doors, Zeld's ghost, novice MfTm; dolemite99's ghost, novice MfGl; jasper's ghost, novice DECj
Lair:3 Rupert


Innate Abilities, Weirdness & Mutations

You have claws for feet.
You are mostly covered in molten scales. (AC +3)
You sometimes gain a little power by taking damage.
You are mostly covered in sharp spines.


Message History

You kill the dream sheep!
Trog accepts your kill.
Unknown command.
Unknown command.
Your skin crawls.
You feel strong-willed.
The dream sheep bites you but does no damage.
Unknown command.
You carve the dream sheep like a ham!!! You burn the dream sheep!
You kill the dream sheep!
Trog accepts your kill.
A red film seems to cover your vision as you go berserk!
You feel yourself moving faster!
You feel mighty!
Rupert roars madly and goes into a rage!
Rupert goes berserk!
You slash Rupert! You burn Rupert.
Rupert is lightly wounded.
Rupert is struck by your spines.
Rupert hits you with a +7 vorpal great mace!!
You slice Rupert!! You burn Rupert. Your kick misses Rupert.
Rupert is moderately wounded.
Rupert is struck by your spines.
Rupert hits you with a +7 vorpal great mace!!
You focus on the pain.
You feel very mighty all of a sudden.
You slice Rupert!! You burn Rupert. Your kick misses Rupert.
Rupert is heavily wounded.
Rupert hits you with a +7 vorpal great mace!
You completely miss Rupert. Your kick misses Rupert.
Rupert is heavily wounded.
You block Rupert's attack.
You slice Rupert!! You burn Rupert. Your kick misses Rupert.
Rupert is severely wounded.
Rupert is struck by your spines.
Rupert hits you with a +7 vorpal great mace!!
* * * LOW HITPOINT WARNING * * *
x2 You barely miss Rupert.
You claw Rupert.
Rupert is severely wounded.
Rupert hits you with a +7 vorpal great mace!
You die...

.##
##............#####
##.# :P#
#............####
### ..#
.....^#........#.#
.##
##.....##.........#
.#
.....####.......##
#. ....# #....##.##
.##
..@####.....#..#
#..#@#...####.#
#.†#@..#.# ###
#.#.#### #####


You could see Rupert (berserk).

Vanquished Creatures
  Gastronok (Lair:3)
  Snorg (Lair:3)
  5 hydras
  An oklob plant (Lair:3)
  The ghost of Twinkles the Covert, a novice SpEn of Hepliaklqana (D:8)
  A moth of wrath (D:8)
  Maurice (D:9)
  5 elephants (Lair:2)
  A black mamba (Lair:1)
  A torpor snail (Lair:2)
  Joseph (D:9)
  8 cane toads
  2 rime drakes
  2 komodo dragons
  3 trolls
  A polar bear (Lair:1)
  A hornet (Lair:2)
  17 blink frogs
  7 dream sheep (Lair:3)
  51 yaks
  2 wyverns
  A basilisk (Lair:3)
  2 steam dragons (D:6)
  4 nagas (Lair:2)
  An acid dragon (D:10)
  11 water moccasins
  A sky beast (D:5)
  6 orc warriors
  An ice beast (D:8)
  3 black bears
  15 wolves
  3 necrophages
  An ogre (D:5)
  4 centaurs
  2 phantoms (D:4)
  5 kobold brigands
  10 bullfrogs
  A gnoll sergeant (D:7)
  A wyvern skeleton (D:5)
  A scorpion (D:7)
  3 wights (D:4)
  3 howler monkeys
  An electric eel (Lair:2)
  3 hounds
  A bullfrog zombie (D:6)
  A centaur zombie (D:6)
  3 human zombies (Ossuary)
  4 orc priests
  3 jellies
  Crazy Yiuf (D:2)
  7 orc wizards
  2 worker ants
  A killer bee zombie (D:5)
  3 mummies
  A howler monkey zombie (D:6)
  A worker ant zombie (D:5)
  A howler monkey skeleton (D:3)
  6 adders
  8 gnolls
  2 ufetubi
  2 adder zombies (Ossuary)
  A dart slug (D:4)
  34 orcs
  3 endoplasms
  4 giant cockroaches
  10 goblins
  7 hobgoblins
  6 jackals
  32 kobolds
  5 quokkas
  5 ball pythons
  4 bats
  2 frilled lizards
  A goblin zombie (Ossuary)
  9 hobgoblin zombies (Ossuary)
  4 jackal zombies (Ossuary)
  6 kobold zombies (Ossuary)
  11 orc zombies (Ossuary)
  2 rats (D:1)
  A rat zombie (Ossuary)
390 creatures vanquished.

Vanquished Creatures (collateral kills)
  2 blink frogs (Lair:1)
  A bullfrog (Lair:1)
3 creatures vanquished.

Vanquished Creatures (others)
  22 fungi
  17 plants
39 creatures vanquished.

Grand Total: 432 creatures vanquished

Notes
Turn   | Place    | Note
-------+----------+-------------------------------------------
     0 | D:1      | rjrrt the Demonspawn Berserker began the quest for the Orb.
     0 | D:1      | Reached XP level 1. HP: 18/18 MP: 1/1
   102 | D:1      | Reached skill level 3 in Axes
   619 | D:1      | Gained mutation: You are partially covered in molten
                  | scales. (AC +2) [demonic ancestry]
   619 | D:1      | Reached XP level 2. HP: 24/24 MP: 2/2
  1439 | D:2      | Found Engeasem's Armour Shoppe.
  1644 | D:2      | Gained mutation: You have sharp toenails. [demonic
                  | ancestry]
  1644 | D:2      | Reached XP level 3. HP: 20/29 MP: 3/3
  1800 | D:2      | Found a runed translucent door.
  1801 | D:2      | Noticed Crazy Yiuf
  1994 | D:2      | Killed Crazy Yiuf
  1995 | D:2      | Reached skill level 4 in Axes
  2072 | D:3      | Found a sparkling altar of Nemelex Xobeh.
  2138 | D:3      | Gained mutation: You have razor-sharp toenails. [demonic
                  | ancestry]
  2138 | D:3      | Reached XP level 4. HP: 35/35 MP: 4/4
  2286 | D:3      | Found a sacrificial altar of Ru.
  2297 | D:3      | Found a hazy altar of Hepliaklqana.
  2297 | D:3      | Found an opulent altar of Gozag.
  2299 | D:3      | Reached skill level 5 in Axes
  2300 | D:3      | Reached ** piety under Trog
  2481 | D:3      | Reached XP level 5. HP: 38/41 MP: 5/5
  2712 | D:3      | Found a faded altar of an unknown god.
  3102 | D:4      | Noticed a phantom
  3126 | D:4      | Killed a phantom
  3127 | D:4      | Reached skill level 6 in Axes
  3260 | D:4      | Reached XP level 6. HP: 44/47 MP: 6/6
  3969 | D:4      | Reached skill level 7 in Axes
  4415 | D:4      | Reached XP level 7. HP: 50/52 MP: 7/7
  4663 | D:5      | Entered Level 5 of the Dungeon
  4663 | D:5      | Noticed a yak
  4663 | D:5      | Noticed a yak
  4663 | D:5      | Noticed a yak
  4665 | D:5      | Noticed a yak
  4678 | D:5      | Killed a yak
  4679 | D:5      | Reached skill level 8 in Axes
  4680 | D:5      | Killed a yak
  4686 | D:5      | Killed a yak
  4687 | D:5      | Reached skill level 9 in Axes
  4687 | D:5      | Gained mutation: You sometimes gain a little power by
                  | taking damage. [demonic ancestry]
  4687 | D:5      | Reached XP level 8. HP: 58/58 MP: 8/8
  4752 | D:5      | Found Noeruz's General Store.
  4767 | D:5      | Reached *** piety under Trog
  4778 | D:5      | Reached skill level 10 in Axes
  4835 | D:5      | Bought a scroll of teleportation for 30 gold pieces
  4960 | D:5      | Found a shimmering altar of Xom.
  5087 | D:5      | Found a snail-covered altar of Cheibriados.
  5094 | D:5      | Found a runed translucent gate.
  5094 | D:5      | Found a runed translucent gate.
  5094 | D:5      | Found a runed translucent gate.
  5394 | D:5      | Noticed Zeld's ghost (novice MfTm)
  5394 | D:5      | Noticed dolemite99's ghost (novice MfGl)
  5394 | D:5      | Noticed jasper's ghost (novice DECj)
  5547 | D:6      | Found a staircase to the Ecumenical Temple.
  5792 | D:6      | Reached XP level 9. HP: 40/64 MP: 9/9
  6084 | D:6      | Reached skill level 1 in Evocations
  6089 | D:6      | Reached skill level 11 in Axes
  6794 | D:7      | Identified a scroll of acquirement
  6794 | D:7      | Acquired a manual of Evocations
  6987 | D:7      | Found a sand-covered staircase.
  6991 | Ossuary  | Entered an ossuary
  7071 | Ossuary  | Reached **** piety under Trog
  7285 | D:7      | Found a blossoming altar of Fedhas.
  7390 | D:7      | Found a hide-covered altar of Uskayaw.
  7932 | D:8      | Found a transporter.
  7968 | D:8      | Found a burning altar of Makhleb.
  7977 | D:8      | Found Duyng's Antique Weapon Shoppe.
  8156 | D:8      | Reached ***** piety under Trog
  8519 | D:8      | Acquired the +5 executioner's axe of the Apocalypse {flame,
                  | rPois rN+ SInv}
  8544 | D:8      | Noticed Twinkles's ghost (novice SpEn)
  8568 | D:8      | Found a transporter.
  8588 | D:8      | Noticed a moth of wrath
  8742 | D:8      | Reached skill level 12 in Axes
  8742 | D:8      | Gained mutation: You have claws for feet. [demonic
                  | ancestry]
  8742 | D:8      | Reached XP level 10. HP: 71/73 MP: 10/10
  8743 | D:8      | Killed a moth of wrath
  8747 | D:8      | Killed Twinkles's ghost
  8802 | D:8      | Identified the Compendium of Frigorific Translocation
  9087 | D:9      | Reached skill level 13 in Axes
  9413 | D:9      | Noticed Joseph
  9419 | D:9      | Noticed Maurice
  9426 | D:9      | Killed Joseph
  9429 | D:9      | Killed Maurice
  9430 | D:9      | Reached skill level 14 in Axes
  9547 | D:9      | Gained mutation: You are mostly covered in molten scales.
                  | (AC +3) [demonic ancestry]
  9547 | D:9      | Reached XP level 11. HP: 52/78 MP: 11/11
  9921 | D:10     | Entered Level 10 of the Dungeon
  9926 | D:10     | Found a staircase to the Lair.
 10048 | D:10     | Identified the +7 long sword of the Unspeakable One {elec,
                  | +Blink rF+ Str+4 Dex+4}
 10604 | D:10     | Received a gift from Trog
 10826 | D:10     | Reached skill level 15 in Axes
 10903 | D:10     | Found a staircase to the Orcish Mines.
 11356 | Lair:1   | Entered Level 1 of the Lair of Beasts
 12111 | D:10     | Reached skill level 16 in Axes
 12523 | Lair:1   | Noticed an eight-headed hydra
 12538 | Lair:1   | Killed a five-headed hydra
 12578 | Lair:1   | Gained mutation: You are partially covered in sharp spines.
                  | [demonic ancestry]
 12578 | Lair:1   | Reached XP level 12. HP: 77/84 MP: 12/12
 13467 | Lair:2   | Noticed a four-headed hydra
 13473 | Lair:2   | Killed a two-headed hydra
 13560 | Lair:2   | Reached skill level 17 in Axes
 14114 | Lair:2   | Received a gift from Trog
 14434 | Lair:2   | Found a staircase to the Snake Pit.
 14925 | Lair:2   | Reached skill level 18 in Axes
 15263 | Lair:3   | Noticed a five-headed hydra
 15267 | Lair:3   | Killed a three-headed hydra
 15321 | Lair:3   | Noticed Gastronok
 15332 | Lair:3   | Killed Gastronok
 15333 | Lair:3   | Gained mutation: You are mostly covered in sharp spines.
                  | [demonic ancestry]
 15333 | Lair:3   | Reached XP level 13. HP: 90/90 MP: 13/13
 15479 | Lair:3   | Noticed Snorg
 15486 | Lair:3   | Killed Snorg
 16708 | Lair:3   | Noticed Rupert
 16712 | Lair:3   | Reached skill level 19 in Axes
 16722 | Lair:3   | Mangled by Rupert

Illustrated notes

Levels and vault maps discovered:
D:1:      sevenhm_arrival_forest_fort_small_5, layout_rooms
D:2:      layout_basic, lemuel_crystal_altar, serial_shops, shop,
          uniq_crazy_yiuf_cottage
D:3:      layout_loops_cross, minitemple, overflow_temple_1_default,
          chequers_ecumenical_altar_grove
D:4:      cheibrodos_thug_alley, layout_basic, minmay_misc_feat_room
D:5:      layout_rooms, slow_altar_1, lemuel_crystal_altar,
          gammafunk_ghost_cemetery, serial_shops, shop
D:6:      layout_basic, minmay_temple_entry_glass
D:7:      layout_basic, fedhas_altar_3, basic_altar, enter_ossuary_5,
          minivault_23
D:8:      layout_loops_cross, nicolae_overflow_hidden_temple, serial_shops,
          shop, gammafunk_ghost_berserking_beasts
D:9:      layout_basic, uniq_maurice, uniq_joseph
D:10:     layout_basic, lair_entry_dummy, david_orc_2
Lair:1:   layout_cave_shapes, grunt_forest_stairs_basic, lemuel_fruit_tree
Lair:2:   layout_long_grid, minmay_snake_entry_guardpost_small,
          grunt_forest_small_clearings, grunt_megastairs_1,
          infiniplex_staircase_pool
Lair:3:   layout_layer_cave, minmay_lair_oklob_items, grunt_megastairs_5,
          infiniplex_staircase_pool_2, uniq_gastronok, uniq_snorg, uniq_rupert

Skill      XL: |  1  2  3  4  5  6  7  8  9 10 11 12 13 |
---------------+----------------------------------------+-----
Axes           | 3 4 5 6 7 9 10 12 14 16 18 19 | 19.0
Armour         | 2 3 |  3.8
Evocations     | 4 |  4.3
Fighting       | 4 |  4.6
Dodging        | |  1.7

Action                   |  1- 3 |  4- 6 |  7- 9 | 10-12 | 13-15 || total
-------------------------+-------+-------+-------+-------+-------++-------
Melee: Hand axe          |    87 |   169 |   263 |       |       ||   519
       Kick              |     6 |    43 |    92 |   110 |    23 ||   274
       War axe           |       |       |    67 |       |       ||    67
       Executioner's axe |       |       |     9 |   306 |    65 ||   380
Invok: Berserk           |     3 |     5 |     6 |    11 |     2 ||    27
       Trog's Hand       |       |     1 |     1 |       |     1 ||     3
       Brothers in Arms  |       |       |       |     1 |       ||     1
  Use: Scroll            |       |       |    14 |     8 |       ||    22
       Potion            |       |       |       |     1 |       ||     1
 Stab: Sleeping          |     3 |       |       |       |       ||     3
Armor: Animal skin       |    10 |       |       |       |       ||    10
       Ring mail         |     9 |    65 |    39 |       |       ||   113
       Chain mail        |       |       |    80 |    52 |       ||   132
       Plate armour      |       |       |       |   118 |    28 ||   146
Dodge: Dodged            |    60 |    71 |    94 |   122 |    13 ||   360
Block: Other             |       |    18 |    53 |    91 |     9 ||   171
       Reflection        |       |     1 |     1 |     4 |       ||     6

Table legend: (Time is in decaauts)
 A = Elapsed time spent in this place.
 B = Non-inter-level travel time spent in this place.
 C = Inter-level travel time spent in this place.
 D = Time resting spent in this place.
 E = Time spent auto-exploring this place.
 F = Levels seen in this place.
 G = Mean time per level.
                   A        B        C        D        E       F      G
               +--------+--------+--------+--------+--------+-----+--------+
         Total |  16986 |  16521 |    465 |   3757 |   9806 |  14 | 1213.3 |
       Dungeon |  12289 |  11856 |    433 |   2757 |   7054 |  10 | 1228.9 |
          Lair |   4462 |   4431 |     31 |    997 |   2700 |   3 | 1487.3 |
       Ossuary |    234 |    234 |      0 |      3 |     52 |   1 |  234.0 |
               +--------+--------+--------+--------+--------+-----+--------+

Top non-repeatable levels by time:
    D:10: 2484 daAuts
  Lair:2: 1805 daAuts
     D:4: 1607 daAuts
  Lair:3: 1498 daAuts
     D:6: 1226 daAuts
     D:8: 1190 daAuts
  Lair:1: 1159 daAuts
     D:1: 1074 daAuts
     D:2: 1043 daAuts
     D:3: 1042 daAuts
     D:9: 945 daAuts
     D:5: 872 daAuts
     D:7: 803 daAuts
 Ossuary: 234 daAuts
